 Dungeon Crawl Stone Soup version 0.30.1-11-g7821555f0a (webtiles) character file.

Game seed: 13329840085011994358

1532499 strifetoe the Conqueror (level 24, 230/230 (266) HPs)
             Began as an Armataur Fighter on Nov 2, 2023.
             Was an Initiate of Gozag.
             Escaped with the Orb
             ... and 3 runes on Nov 9, 2023!
             The game lasted 02:48:57 (74775 turns).

strifetoe the Conqueror (Armataur Fighter)         Turns: 74775, Time: 02:48:58

HP:   230/230 (266) AC: 54    Str: 29    XL:     24   Next: 8%
MP:   23/23         EV:  7    Int:  8    God:    Gozag
Gold: 1964          SH: 27    Dex: 16    Spells: 23/23 levels left

rFire   + + .        a - +4 eveningstar (holy)
rCold   + . .        l - +0 tower shield
rNeg    . . .        w - +10 gold dragon scales
rPois   +            J - +2 helmet {SInv}
rElec   +            T - +1 cloak "Egeu" {+Blink rElec rF+ Int-2}
rCorr   .            H - +3 pair of gauntlets of War {Slay+5}
SInv    +            U - +1 barding
Will    +++..        h - amulet of reflection Stlth
                     F - ring "Jaexukh" {Will+ AC+4 Dex+3}
HPRegen 0.58/turn    C - ring of willpower
MPRegen 0.18/turn

%: reflection, roll
@: studying Invocations, heavily drained
A: large, rugged brown scales 3, deformed body, armoured tail, roll, long
tongue, awkward tongue
0: Orb of Zot
}: 3/15 runes: decaying, silver, gossamer
a: Renounce Religion, Evoke Blink, Potion Petition, Call Merchant, Bribe Branch


You escaped.
You worshipped Gozag.
Gozag was most pleased with you.
You visited 9 branches of the dungeon, and saw 45 of its levels.
You visited the Abyss 1 time.
You visited 1 bazaar.
You also visited: Gauntlet and Ice Cave.

You collected 22799 gold pieces.
You spent 7749 gold pieces at shops.
You paid 13086 gold pieces to Gozag.

Inventory:

Hand Weapons
 a - a +4 eveningstar of holy wrath (weapon)
 b - the +4 demon whip of the Fox {flame, Str+7}
   (You acquired it on level 14 of the Dungeon)

   Str:       It affects your strength (+7).
 O - a +4 spectral demon whip
Missiles
 x - 55 poisoned darts (quivered)
 E - a throwing net
 L - 8 silver javelins
Armour
 l - a +0 tower shield (worn)
 w - +10 gold dragon scales (worn)
 y - the +6 ice dragon scales "Qoc Cec" {rF- rC++ Dex+2}
   (You bought it in a shop on level 4 of the Spider Nest)

   Dex:       It affects your dexterity (+2).
   rF:        It makes you vulnerable to fire.
   rC:        It greatly protects you from cold.
 H - the +3 pair of gauntlets of War (worn) {Slay+5}
   (You bought it in a shop on level 3 of the Lair of Beasts)

   Slay:      It affects your accuracy & damage with ranged weapons and melee
   (+5).
 J - a +2 helmet of see invisible (worn)
 T - the +1 cloak "Egeu" (worn) {+Blink rElec rF+ Int-2}
   (You bought it in a shop on level 3 of the Lair of Beasts)

   Int:       It affects your intelligence (-2).
   rF:        It protects you from fire.
   rElec:     It insulates you from electricity.
   +Blink:    It lets you blink.
 U - a +1 barding (worn)
Jewellery
 h - an amulet of reflection (around neck)
 z - a ring of see invisible
 B - a +6 ring of strength
 C - a ring of willpower (right hand)
 F - the ring "Jaexukh" (left hand) {Will+ AC+4 Dex+3}
   (You took it off a vault warden on level 5 of the Vaults)

   [ring of protection]

   AC:        It affects your AC (+4).
   Dex:       It affects your dexterity (+3).
   Will:      It increases your willpower.
 G - a ring of protection from cold
 I - an amulet of the acrobat
 R - a +4 ring of protection
Wands
 g - a wand of acid (6)
 t - a wand of flame (21)
 S - a wand of digging (5)
 W - a wand of mindburst (22)
Scrolls
 c - 4 scrolls of butterflies
 f - 6 scrolls of poison
 i - 7 scrolls of fog
 j - a scroll of amnesia
 u - 26 scrolls of identify
 v - 4 scrolls of silence
 A - a scroll of magic mapping
 D - 10 scrolls of teleportation
 M - 8 scrolls of fear
 P - 3 scrolls of blinking
Potions
 e - 6 potions of ambrosia
 k - 3 potions of resistance
 m - a potion of invisibility
 o - 3 potions of curing
 p - 8 potions of mutation
 q - 3 potions of flight
 r - a potion of haste
 s - 5 potions of cancellation
 K - 3 potions of might
Miscellaneous
 Q - a phantom mirror


   Skills:
 O Level 27 Fighting
 - Level 20.2 Maces & Flails
 - Level 5.0 Throwing
 + Level 20.8 Armour
 - Level 13.1 Dodging
 - Level 5.9 Stealth
 + Level 19.9 Shields
 - Level 6.5 Evocations


You had 23 spell levels left.
You didn't know any spells.
Your spell library contained the following spells:

 Spells                   Type           Power      Damage    Failure   Level
 Apportation              Tloc           0%         N/A       100%        1
 Freeze                   Ice            0%         1d3       100%        1
 Magic Dart               Conj           0%         1d3       100%        1
 Necrotise                Necr           0%         1d4       100%        1
 Shock                    Conj/Air       0%         1d3       100%        1
 Sting                    Tmut/Pois      0%         1d3       100%        1
 Summon Small Mammal      Summ           0%         N/A       100%        1
 Blink                    Tloc           0%         N/A       100%        2
 Call Imp                 Summ           0%         N/A       100%        2
 Cigotuvi's Dreadful Rot  Necr/Pois/Air  0%         N/A       100%        2
 Ensorcelled Hibernation  Hex/Ice        0%         N/A       100%        2
 Lesser Beckoning         Tloc           0%         N/A       100%        2
 Searing Ray              Conj           0%         2d4       100%        2
 Sublimation of Blood     Necr           0%         N/A       100%        2
 Call Canine Familiar     Summ           0%         N/A       100%        3
 Confusing Touch          Hex            0%         N/A       100%        3
 Dazzling Flash           Conj/Hex       0%         N/A       100%        3
 Frozen Ramparts          Ice            0%         1d1       100%        3
 Gell's Gravitas          Tloc           0%         N/A       100%        3
 Hailstorm                Conj/Ice       0%         3d3       100%        3
 Ignite Poison            Fire/Tmut/Pois 0%         N/A       100%        3
 Inner Flame              Hex/Fire       0%         N/A       100%        3
 Mephitic Cloud           Conj/Pois/Air  0%         N/A       100%        3
 Ozocubu's Armour         Ice            0%         N/A       100%        3
 Portal Projectile        Hex/Tloc       0%         N/A       100%        3
 Spider Form              Tmut/Pois      0%         N/A       100%        3
 Stone Arrow              Conj/Erth      0%         3d7       100%        3
 Swiftness                Air            0%         N/A       100%        3
 Teleport Other           Tloc           0%         N/A       100%        3
 Vampiric Draining        Necr           0%         2d6       100%        3
 Vhi's Electric Charge    Tloc/Air       0%         N/A       100%        3
 Volatile Blastmotes      Fire/Tloc      0%         2d10      100%        3
 Airstrike                Air            0%         2d(0-16)  100%        4
 Anguish                  Hex/Necr       0%         N/A       100%        4
 Animate Armour           Summ/Erth      0%         N/A       100%        4
 Cause Fear               Hex            0%         N/A       100%        4
 Flame Wave               Conj/Fire      0%         2d4       100%        4
 Fulminant Prism          Conj/Hex       0%         3d5       100%        4
 Leda's Liquefaction      Hex/Erth       0%         N/A       100%        4
 Manifold Assault         Tloc           0%         N/A       100%        4
 Petrify                  Tmut/Erth      0%         N/A       100%        4
 Sticky Flame             Conj/Fire      0%         2d3       100%        4
 Summon Ice Beast         Ice/Summ       0%         N/A       100%        4
 Summon Lightning Spire   Summ/Air       0%         N/A       100%        4
 Agony                    Necr           0%         N/A       100%        5
 Alistair's Intoxication  Tmut/Pois      0%         N/A       100%        5
 Arcjolt                  Conj/Air       0%         1d10      100%        5
 Borgnjor's Vile Clutch   Necr/Erth      0%         N/A       100%        5
 Fireball                 Conj/Fire      0%         3d3       100%        5
 Freezing Cloud           Conj/Ice/Air   0%         6-21      100%        5
 Irradiate                Conj/Tmut      0%         3d11      100%        5
 Iskenderun's Battlesphe  Conj           0%         2d6       100%        5
 Lee's Rapid Deconstruct  Erth           0%         3d4*      100%        5
 Metabolic Englaciation   Hex/Ice        0%         N/A       100%        5
 Silence                  Hex/Air        0%         N/A       100%        5
 Summon Forest            Summ/Tloc      0%         N/A       100%        5
 Summon Mana Viper        Hex/Summ       0%         N/A       100%        5
 Yara's Violent Unravell  Hex/Tmut       0%         3d3       100%        5
 Conjure Ball Lightning   Conj/Air       0%         3x3d6     100%        6
 Eringya's Noxious Bog    Tmut/Pois      0%         N/A       100%        6
 Iron Shot                Conj/Erth      0%         9d1       100%        6
 Starburst                Conj/Fire      0%         6d3       100%        6
 Statue Form              Tmut/Erth      0%         N/A       100%        6
 Summon Cactus Giant      Summ           0%         N/A       100%        6
 Dragon Form              Tmut           0%         N/A       100%        7
 Enfeeble                 Hex            0%         N/A       100%        7
 Haunt                    Necr/Summ      0%         N/A       100%        7
 Malign Gateway           Summ/Tloc      0%         N/A       100%        7
 Monstrous Menagerie      Summ           0%         N/A       100%        7
 Storm Form               Tmut/Air       0%         N/A       100%        7
 Ignition                 Fire           0%         3d3       100%        8
 Infestation              Necr           0%         N/A       100%        8
 Lehudib's Crystal Spear  Conj/Erth      0%         10d2      100%        8
 Maxwell's Capacitive Co  Air            0%         ∞         100%        8
 Dragon's Call            Summ           0%         N/A       100%        9
 Fire Storm               Conj/Fire      0%         5d1       100%        9
 Animate Dead             Necr           Unusable   N/A       N/A         4

Dungeon Overview and Level Annotations

Branches:
Dungeon (15/15)            Temple (1/1) D:5            Lair (5/5) D:11
  Swamp (4/4) Lair:2       Spider (4/4) Lair:3        Slime (0/5) Lair:5
    Orc (2/2) D:10            Elf (0/3) Orc:2        Vaults (5/5) D:14
  Crypt (0/3) Vaults:2     Depths (4/4) D:15            Zot (5/5) Depths:4
  IceCv (visited)         Gauntlet (visited)

Altars:
Dithmenos
Fedhas
Gozag
Hepliaklqana
Kikubaaqudgha
Nemelex Xobeh
Okawaru
Trog
Uskayaw
Vehumet
Wu Jian
Yredelemnul
The Shining One
Jiyva

Shops:
D:9 !   D:10 [(   D:11 :   D:15 [   Orc:2 (=([   Lair:3 [   Lair:4 *
Spider:4 [   Zot:2 **   Depths:1 :(   Depths:4 =(

Portals:
Hell: Depths:1 Depths:2 Depths:3 Depths:4
Abyss: Swamp:2 Depths:3
Pandemonium: Depths:2
Ziggurat: Depths:3

Annotations:
Lair:4 3 runed translucent doors, laqueoix's ghost, journeyman TeRe
Swamp:2 2 transporters, bearlyready's ghost, adept MfTm
Swamp:4 exclusion: oklob plant
Vaults:1 exclusion: obsidian statue
Zot:2 3 runed translucent doors, exclusion: obsidian statue, Karoneja's ghost, adept MeHs


Innate Abilities, Weirdness & Mutations

You are completely covered in rugged brown scales. (AC +3, +7% HP)
Armour fits poorly on your strangely shaped body.
You have a long armoured tail.
You roll when moving toward enemies. (Rampage)
Your long tongue fully drains potion bottles. (2x potion effects)
Your tongue gives you trouble enunciating. (1.5x scroll delay)


Message History

There is a stone staircase leading down here.
A Powoewang and a lich come into view.
The lich moves out of view.
Powoewang gestures.
Press: ? - help, v - describe, . - travel
Here: Powoewang, armed with an antimagic touch The floor.
Powoewang gestures at you. The bolt of fire misses you.
There is an escape hatch in the ceiling here.
A mysterious force pulls you upwards. The hatch slams shut behind you.
There is a stone staircase leading up here.
You climb upwards.
There is a stone staircase leading down here.
You see here a +0 pair of boots.
There is a stone staircase leading down here.
A demonspawn corrupter, a shadow demon and a demonspawn black sun come into view.
The demonspawn corrupter is wielding a +0 demon whip of venom.
The demonspawn corrupter calls down the wrath of Lugonu upon you.
The entropic weave corrodes you!
The demonspawn black sun mumbles some strange prayers to Kikubaaqudgha against you.
The bolt of negative energy hits the shadow demon.
The shadow demon completely resists.
The bolt of negative energy hits you!
You feel drained.
The shadow demon gestures.
The demonspawn black sun mumbles some strange prayers to Kikubaaqudgha.
The demonspawn corrupter begins absorbing vital energies!
The shadow demon begins absorbing vital energies!
The demonspawn black sun begins absorbing vital energies!
The goblin begins absorbing vital energies!
The bat begins absorbing vital energies!
There is an escape hatch in the ceiling here.
A mysterious force pulls you upwards. The hatch slams shut behind you.
You are no longer corroded.
You open the door.
There is an open door here.
There is an open door here.
There is a staircase leading out of the dungeon here.
You can't go down here!
You have escaped!

...#....##..####''####..######..#
...#(...##..###....###...........
....)..(....##......##..#########
..##.#.###..##.[..#.##..# ###
#.##....##..#........#..# ##.##
...#........#.[....#.#..# ##.#.#
...##...#...#...##...#..# #.###.
##.###.##...#..####..#..# ##.#.#
##.# #.##...'..'@>+..'..# ##.##
##.###.##...#..####..#..# #.##
..#....##...#...##...#..######..#
##.######...#.#......#..)........
##.# #...#........#...#####...
##.# #...##.#....##...###.....
.#.# #...##......##........(..
.#.# #...###....###..####.....
.|.# #...####++####..# ###...


There were no monsters in sight!

Vanquished Creatures
  A pandemonium lord (Depths:4)
  A juggernaut (Depths:3)
  2 ancient liches
  Josephina (Zot:2)
  A shard shrike (Zot:5)
  Parghit (Depths:3)
  3 Killer Klowns (Zot:1)
  3 curse toes
  3 caustic shrikes (Depths:3)
  3 golden dragons (Zot:4)
  Nikola (Vaults:1)
  A bone dragon (Depths:4)
  Arachne (Spider:2)
  3 electric golems
  8 tentacled monstrosities
  22 Orb Guardians
  6 liches
  6 quicksilver dragons
  12 death cobs
  A titan (Vaults:5)
  3 sphinxes
  11 storm dragons
  7 shadow dragons
  Kirke (D:15)
  3 thorn hunters (Swamp:4)
  Roxanne (Swamp:4)
  11 draconian monks
  A fenstrider witch (Swamp:2)
  9 fire giants
  5 emperor scorpions
  4 iron dragons
  5 frost giants
  15 vault wardens
  6 draconian knights
  4 draconian scorchers
  3 orc warlords
  Louise (D:15)
  10 draconian shifters
  11 very ugly things
  12 draconian stormcallers
  7 ghost moths
  A spriggan defender (Depths:2)
  5 ghouls (Swamp:4)
  3 broodmothers
  4 draconian annihilators
  11 stone giants
  A war gargoyle (Vaults:3)
  8 ironbound preservers
  2 vampire knights (Swamp:4)
  8 green draconians
  2 eleionomae
  11 red draconians
  6 ironbound thunderhulks
  15 black draconians
  2 deep elf annihilators
  A lorocyproca (Depths:4)
  9 grey draconians
  A deep elf demonologist (Vaults:2)
  10 yellow draconians
  A spark wasp (Spider:4)
  11 dire elephants
  A minotaur (Gauntlet)
  9 white draconians
  23 purple draconians
  8 bunyips
  2 blizzard demons
  10 ettins
  A merfolk impaler (Depths:4)
  2 shambling mangroves (Swamp:4)
  A crystal guardian (Vaults:4)
  4 great orbs of eyes
  3 deep elf high priests
  2 entropy weavers
  11 yaktaur captains
  A hell beast (Depths:3)
  7 fire dragons
  7 ice dragons
  6 ironbound frosthearts
  9 vault guards
  3 rakshasas
  3 spriggan air magi
  A jorogumo (Spider:2)
  13 hydras
  7 radroaches
  3 peacekeepers
  8 centaur warriors
  3 two-headed ogres
  6 boulder beetles
  2 ghost crabs
  5 death yaks (Lair:4)
  5 tengu warriors
  A death yak (shapeshifter) (Vaults:5)
  5 deep troll shamans
  4 alligators
  6 deep troll earth magi
  A hell hog (Depths:3)
  2 orc high priests (Orc:2)
  A vampire mage (Depths:1)
  4 spriggan berserkers
  A shock serpent (shapeshifter) (Depths:4)
  7 hell knights
  6 skeletal warriors
  6 soul eaters
  Amaemon (D:10)
  6 iron trolls (Depths:1)
  A goliath frog (Swamp:3)
  4 pharaoh ants
  A quicksilver dragon simulacrum (Zot:2)
  10 spriggan druids
  Lodul (D:14)
  2 sixfirhies
  A sun moth (Spider:4)
  A spectral hydra (Swamp:4)
  4 swamp dragons
  24 deep trolls
  19 ironbound convokers
  2 flayed ghosts
  A bog body (Swamp:1)
  2 death drakes (Zot:1)
  8 steelbarb worms
  An orange crystal statue (Zot:5)
  7 glowing orange brains
  4 lindwurms
  11 orb spiders
  6 harpies
  10 wizards
  5 orc knights
  3 phantasmal warriors
  3 deep elf pyromancers
  A shining eye (shapeshifter) (Depths:3)
  13 wolf spiders
  A draconian zombie (Zot:1)
  A fire giant zombie (Vaults:2)
  A salamander (Lair:3)
  3 necromancers
  3 orc sorcerers
  18 moths of wrath
  4 will-o-the-wisps (Swamp:2)
  3 manticores
  24 ugly things
  7 centaur zombies (D:13)
  2 cyclopes
  An ice statue (Gauntlet)
  An eye of devastation (Abyss:2)
  An apocalypse crab (Abyss:2)
  5 elephants (Lair:5)
  3 molten gargoyles (Lair:5)
  An orange demon (D:10)
  6 black mambas
  16 demonic crawlers
  2 gargoyles (D:13)
  6 torpor snails
  16 vault sentinels
  A hellion (D:13)
  A storm dragon simulacrum (Zot:2)
  4 unseen horrors (D:12)
  15 cane toads
  Maggie (Lair:2)
  A redback zombie (D:13)
  2 freezing wraiths
  4 rime drakes
  2 tengu conjurers
  12 komodo dragons
  30 yaktaurs
  2 kobold demonologists (D:10)
  A ghost moth simulacrum (Zot:2)
  3 hydra zombies (Swamp:4)
  6 trolls
  A tengu simulacrum (Vaults:2)
  3 death drake zombies (Swamp:4)
  3 polar bears
  6 meliai
  10 tyrant leeches
  24 tarantellas
  A raiju (Abyss:2)
  8 dream sheep (Lair:4)
  A shadow dragon simulacrum (Zot:2)
  3 hornets
  2 hydra skeletons (Swamp:4)
  Prince Ribbit (D:5)
  21 blink frogs
  2 meliai zombies (D:13)
  20 jumping spiders
  48 slime creatures
  13 culicivoras
  8 water elementals
  2 ynoxinuls
  5 spriggans
  54 yaks
  A yak (shapeshifter) (Depths:2)
  A wraith (D:13)
  A vampire (D:13)
  10 wyverns
  3 fire elementals (Depths:3)
  3 hogs
  A redback (shapeshifter) (Vaults:5)
  6 large abominations
  12 basilisks
  4 steam dragons
  61 redbacks
  2 vampire mosquitoes (D:13)
  A chaos spawn (Abyss:2)
  A death yak simulacrum (IceCv)
  25 swamp worms
  3 acid dragons (D:11)
  Duvessa (D:6)
  20 water moccasins
  5 hydra simulacra (Swamp:4)
  A floating eye (Depths:3)
  6 small abominations
  4 hell hounds (Lair:5)
  A moth of wrath simulacrum (Zot:2)
  A sky beast (D:8)
  An ice beast (D:5)
  8 swamp drakes
  2 swamp dragon zombies (Swamp:4)
  23 orc warriors
  7 black bears
  13 ogres
  7 boggarts
  15 wolves
  A phantom (D:7)
  15 centaurs
  2 kobold brigands
  14 bullfrogs
  4 necrophages (Swamp:4)
  2 gnoll sergeants
  A glowing shapeshifter simulacrum (Vaults:2)
  2 cane toad simulacra (IceCv)
  2 human skeletons (Vaults:2)
  3 scorpions
  Dowan (D:6)
  2 howler monkeys
  A quasit (Abyss:2)
  5 lava snakes (Lair:5)
  5 hounds
  Crazy Yiuf (D:5)
  3 gnoll boudas
  11 orc priests
  7 starcursed masses (Abyss:2)
  3 sleepcaps
  A boggart zombie (D:13)
  4 iguanas
  Natasha (thrice) (D:3)
  19 orc wizards
  6 hell rats
  A wolf simulacrum (IceCv)
  Robin (D:3)
  27 gnolls
  12 adders
  2 shadow imps
  2 white imps
  2 ufetubi
  A worm (D:2)
  14 dart slugs
  66 orcs
  5 ball pythons
  8 endoplasms
  5 giant cockroaches
  16 goblins
  8 hobgoblins
  3 jackals (D:2)
  4 quokkas
  5 bats
  15 kobolds
  4 rats
  A butterfly (Swamp:4)
1700 creatures vanquished.

Vanquished Creatures (collateral kills)
  A dread lich (Vaults:5)
  2 Killer Klowns (Zot:5)
  An Orb Guardian (Zot:5)
  A lich (Vaults:5)
  A shadow dragon (Vaults:5)
  A sphinx (Vaults:5)
  2 storm dragons (Zot:5)
  5 vault wardens (Vaults:5)
  A frost giant (Vaults:5)
  2 deep elf sorcerers (Vaults:5)
  5 ironbound preservers (Vaults:5)
  A broodmother (shapeshifter) (Vaults:5)
  4 stone giants (Vaults:5)
  A very ugly thing (Vaults:5)
  2 deep elf demonologists (Vaults:5)
  2 ironbound thunderhulks (Vaults:5)
  A deep elf annihilator (Vaults:5)
  2 ettins (Vaults:5)
  2 yaktaur captains (Vaults:5)
  A deep elf high priest (Vaults:5)
  9 vault guards (Vaults:5)
  A deep elf knight (Vaults:5)
  A deep elf archer (Vaults:5)
  7 deep trolls (Vaults:5)
  An orc knight (Vaults:5)
  A deep elf pyromancer (Vaults:5)
  A moth of wrath (Zot:5)
  A vault sentinel (Vaults:5)
  A merfolk (shapeshifter) (Vaults:5)
  A blink frog (shapeshifter) (Vaults:5)
  2 jumping spiders (Spider:2)
  A redback (Spider:2)
  An orc warrior (Vaults:5)
  An orc priest (Vaults:5)
  An orc wizard (Vaults:5)
68 creatures vanquished.

Vanquished Creatures (others)
  2 orbs of fire (Zot:5)
  An ancient lich (Zot:5)
  A dread lich (Zot:5)
  A Killer Klown (Zot:5)
  A golden dragon (Zot:5)
  A tentacled monstrosity (Zot:5)
  5 Orb Guardians (Zot:5)
  2 titans (Vaults:5)
  2 shadow dragons (Zot:5)
  A storm dragon (Zot:5)
  2 tengu reavers (Vaults:5)
  A fire giant (Depths:4)
  5 vault wardens (Vaults:5)
  A draconian shifter (Zot:5)
  2 war gargoyles (Vaults:5)
  5 stone giants (Vaults:5)
  3 very ugly things
  A deep elf annihilator (Vaults:5)
  A deep elf demonologist (Vaults:5)
  A white draconian (Zot:5)
  A purple draconian (Zot:5)
  A yellow draconian (Zot:5)
  2 yaktaur captains (Vaults:5)
  A deep elf high priest (Vaults:5)
  17 vault guards (Vaults:5)
  An ogre mage (Vaults:5)
  2 deep trolls (Vaults:5)
  A flayed ghost (Vaults:5)
  2 deep elf archers (Vaults:5)
  2 phantasmal warriors (Vaults:5)
  A deep elf pyromancer (Vaults:5)
  3 deep elf zephyrmancers (Vaults:5)
  2 slime creatures (Vaults:1)
  5 yaktaurs (Vaults:5)
  A bloated husk (Swamp:1)
  A ynoxinul (Zot:5)
  2 jumping spiders (Vaults:5)
  2 redbacks (Vaults:5)
  A human (D:15)
  A centaur (D:15)
  2 orcs (Vaults:5)
  12 foxfires (Swamp:2)
  6 spectral weapons
108 creatures vanquished.

Grand Total: 1876 creatures vanquished

Notes
Turn   | Place    | Note
-------+----------+-------------------------------------------
     0 | D:1      | strifetoe the Armataur Fighter began the quest for the Orb.
     0 | D:1      | Reached XP level 1. HP: 19/19 MP: 1/1
   199 | D:1      | Reached XP level 2. HP: 26/26 MP: 2/2
   241 | D:1      | Found a faded altar of an unknown god.
   692 | D:2      | Reached XP level 3. HP: 32/32 MP: 3/3
  1087 | D:2      | Reached XP level 4. HP: 39/39 MP: 4/4
  1414 | D:3      | Noticed Natasha
  1423 | D:3      | Killed Natasha
  1566 | D:3      | You fall into a shaft and drop 1 floor!
  1587 | D:4      | Noticed an ogre
  1594 | D:4      | Killed an ogre
  1595 | D:4      | Reached skill level 5 in Maces & Flails
  1595 | D:4      | Reached XP level 5. HP: 4/44 MP: 5/5
  1772 | D:4      | Found an ornate altar of the Wu Jian Council.
  1927 | D:4      | Reached XP level 6. HP: 53/53 MP: 6/6
  2045 | D:3      | Noticed Natasha
  2051 | D:3      | Killed Natasha
  2196 | D:3      | Noticed Robin
  2270 | D:3      | Killed Robin
  2271 | D:3      | Noticed Natasha
  2280 | D:3      | Killed Natasha
  2927 | D:4      | Reached XP level 7. HP: 20/59 MP: 7/7
  3929 | D:5      | Entered Level 5 of the Dungeon
  4367 | D:5      | Found a staircase to the Ecumenical Temple.
  4533 | Temple   | Entered the Ecumenical Temple
  4539 | Temple   | Became a worshipper of Gozag Ym Sagoz the Greedy
  4592 | D:5      | Found a runed translucent door.
  4593 | D:5      | Noticed Crazy Yiuf
  4883 | D:5      | Reached XP level 8. HP: 53/66 MP: 8/8
  5200 | D:5      | Killed Crazy Yiuf
  5332 | D:6      | Noticed Prince Ribbit
  5704 | D:5      | Killed Prince Ribbit
  5705 | D:5      | Reached skill level 10 in Maces & Flails
  5951 | D:6      | Found a radiant altar of Vehumet.
  5956 | D:6      | Found a shadowy altar of Dithmenos.
  5956 | D:6      | Found a glowing golden altar of the Shining One.
  6049 | D:6      | Noticed Dowan
  6049 | D:6      | Noticed Duvessa
  6058 | D:6      | Killed Duvessa
  6065 | D:6      | Killed Dowan
  6293 | D:6      | Reached XP level 9. HP: 65/72 MP: 9/9
  7941 | D:8      | Reached skill level 3 in Fighting
  8179 | D:8      | Noticed a two-headed ogre
  8192 | D:8      | Killed a two-headed ogre
  8193 | D:8      | Reached skill level 4 in Fighting
  8193 | D:8      | Reached skill level 5 in Armour
  8548 | D:8      | Found an ancient bone altar of Kikubaaqudgha.
  9150 | D:9      | Reached skill level 1 in Throwing
  9150 | D:9      | Reached XP level 10. HP: 53/80 MP: 10/10
  9467 | D:9      | Found Axoypp's Distillery.
  9733 | D:9      | Reached skill level 5 in Fighting
 10155 | D:10     | Entered Level 10 of the Dungeon
 10198 | D:10     | Found Royryleor's Armour Boutique.
 10202 | D:10     | Found a staircase to the Orcish Mines.
 10204 | D:10     | Found Fouxziyre's Weapon Boutique.
 10274 | D:10     | Noticed an orange demon
 10393 | D:10     | Found an iron altar of Okawaru.
 10450 | D:10     | Found a blossoming altar of Fedhas.
 10508 | D:10     | Noticed a two-headed ogre
 10744 | D:10     | Found Gaug Digesch's Magic Scroll Shoppe.
 10858 | D:10     | Killed a two-headed ogre
 10859 | D:10     | Reached skill level 6 in Fighting
 10909 | D:10     | Noticed Amaemon
 10909 | D:10     | Noticed an orange demon
 11214 | D:11     | Found a frozen archway.
 11223 | IceCv    | Entered an ice cave
 11223 | IceCv    | Noticed a white ugly thing
 11237 | IceCv    | Killed a white ugly thing
 11401 | IceCv    | Found a transporter.
 11413 | IceCv    | Noticed an ice statue
 11413 | IceCv    | Noticed an ice statue
 11416 | IceCv    | Found a transporter.
 11455 | D:11     | Found Fyawkoce's Self-Improvement Boutique.
 11475 | D:11     | Found a staircase to the Lair.
 11635 | D:11     | Reached XP level 11. HP: 50/95 MP: 11/11
 12162 | D:11     | Reached skill level 5 in Shields
 12373 | D:11     | Reached skill level 5 in Throwing
 13642 | D:12     | Noticed a tengu warrior
 13680 | D:12     | Killed a tengu warrior
 14706 | D:10     | Killed Amaemon
 15163 | D:13     | Identified the +5 sling "Jiann" {drain, Contam rF+ rC+ rN+}
 15248 | D:13     | Noticed a centaur warrior
 15275 | D:13     | Noticed a skeletal warrior
 15303 | D:12     | HP: 3/95 [skeletal warrior/+0 long sword (22)]
 15311 | D:12     | Killed a skeletal warrior
 15312 | D:12     | Reached skill level 1 in Dodging
 15541 | Lair:1   | Entered Level 1 of the Lair of Beasts
 15546 | Lair:1   | Reached XP level 12. HP: 97/103 MP: 12/12
 15547 | Lair:1   | Noticed a boulder beetle
 15733 | D:11     | Reached skill level 7 in Fighting
 16027 | D:11     | Killed a boulder beetle
 16540 | Lair:1   | Reached skill level 8 in Fighting
 16924 | Lair:1   | Reached skill level 5 in Dodging
 17690 | Lair:2   | Found a staircase to the Swamp.
 17699 | Lair:2   | Identified the +1 scale mail "Ryifuenk" {Harm}
 17766 | Lair:2   | Reached skill level 9 in Fighting
 18311 | Lair:2   | Noticed Maggie
 18325 | Lair:2   | Killed Maggie
 18533 | Lair:3   | Reached XP level 13. HP: 117/118 MP: 13/13
 18678 | Lair:3   | Found a hole to the Spider Nest.
 19287 | Lair:3   | Reached skill level 1 in Stealth
 19602 | Lair:3   | Reached skill level 10 in Fighting
 20388 | Lair:4   | Reached skill level 10 in Armour
 20655 | Lair:4   | Found a runed translucent gate.
 20655 | Lair:4   | Found a runed translucent gate.
 20655 | Lair:4   | Found a runed translucent gate.
 20721 | Lair:4   | Reached skill level 5 in Stealth
 20729 | Lair:4   | Found a gate leading to a gauntlet.
 20748 | Gauntlet | Entered a Gauntlet
 20748 | Gauntlet | Found a transporter.
 20920 | Gauntlet | Found a transporter.
 20922 | Gauntlet | Found a transporter.
 20924 | Gauntlet | Found a transporter.
 20941 | Gauntlet | Found a transporter.
 20958 | Gauntlet | Found a transporter.
 20966 | Gauntlet | Found a transporter.
 20984 | Gauntlet | Found a transporter.
 21001 | Gauntlet | Found a transporter.
 21013 | Gauntlet | Found a transporter.
 21025 | Gauntlet | Found a transporter.
 21037 | Gauntlet | Found a transporter.
 21049 | Gauntlet | Found a transporter.
 21067 | Gauntlet | Found a transporter.
 21085 | Gauntlet | Found a transporter.
 21087 | Gauntlet | Found a transporter.
 21120 | Gauntlet | Found a transporter.
 21122 | Gauntlet | Found a transporter.
 21790 | Gauntlet | Identified the +4 rapier of Fuzzy Offence {freeze, rN+
                  | rCorr MP+9 Dex+5}
 21795 | Gauntlet | Identified the +3 pair of gloves of the Scorching Gods
                  | {Dex+5}
 22059 | Gauntlet | Noticed a minotaur
 22066 | Gauntlet | Killed a minotaur
 22108 | Gauntlet | Identified the staff of conjuration "Qoxt" {rN+ rCorr
                  | Str+2}
 22368 | Lair:4   | Reached skill level 11 in Fighting
 23019 | Lair:4   | Noticed laqueoix's ghost (journeyman TeRe)
 23113 | Lair:5   | Entered Level 5 of the Lair of Beasts
 23695 | Lair:4   | Bought a scroll of teleportation for 39 gold pieces
 23869 | D:11     | Bought a manual of Dodging for 1440 gold pieces
 24031 | Lair:5   | Reached XP level 14. HP: 132/132 MP: 14/14
 24313 | Lair:5   | Found a viscous altar of Jiyva.
 24313 | Lair:5   | Found a staircase to the Slime Pits.
 24774 | Lair:5   | Found a large runed translucent door.
 24774 | Lair:5   | Found a large runed translucent door.
 25714 | Orc:1    | Entered Level 1 of the Orcish Mines
 25967 | Orc:2    | Entered Level 2 of the Orcish Mines
 26411 | Orc:2    | Found a staircase to the Elven Halls.
 26475 | Orc:2    | Found Sipoumy's Jewellery Boutique.
 26940 | Orc:2    | Found Kessan's Weapon Boutique.
 27069 | Orc:2    | Noticed an orc warlord
 27527 | Orc:2    | Noticed Sonja
 27533 | Orc:2    | Sonja changed into Sonja the basilisk
 27533 | Orc:2    | Noticed Sonja
 27537 | Orc:2    | Killed Sonja the basilisk
 27624 | Orc:2    | Paralysed by an orc sorcerer for 4 turns
 27673 | Orc:2    | Reached skill level 10 in Dodging
 27834 | Orc:2    | Killed an orc warlord
 27835 | Orc:2    | Reached skill level 1 in Evocations
 28024 | Orc:2    | Found Miopynti's Antique Weapon Shop.
 28028 | Orc:2    | Found Xodwamec's Antique Armour Boutique.
 28044 | Orc:2    | Bought a glowing buckler for 232 gold pieces
 28683 | D:13     | Got the Handbook of Igneous Toxicants
 28895 | D:13     | Reached XP level 15. HP: 139/139 MP: 15/15
 29412 | D:13     | Reached skill level 5 in Evocations
 30055 | D:14     | Found a gate to the Vaults.
 30245 | D:14     | Noticed Lodul
 30249 | D:14     | Killed Lodul
 30789 | D:14     | Identified 3 scrolls of acquirement
 30790 | D:14     | Acquired a manual of Fighting
 30792 | D:14     | Acquired a +2 eveningstar of holy wrath
 30794 | D:14     | Acquired the +4 demon whip of the Fox {flame, Str+7}
 30828 | D:15     | Entered Level 15 of the Dungeon
 31022 | D:15     | Found Xirenoergh's Armour Boutique.
 31209 | D:15     | Found a staircase to the Depths.
 31227 | D:15     | Reached skill level 12 in Fighting
 31361 | D:15     | Noticed Louise
 31374 | Abyss:2  | Cast into level 2 of the Abyss (Louise)
 31468 | Abyss:2  | Paralysed by accursed screaming for 1 turns
 31475 | Abyss:2  | Paralysed by accursed screaming for 1 turns
 31575 | Abyss:2  | Reached skill level 13 in Fighting
 31600 | D:15     | Escaped the Abyss
 31609 | D:15     | Killed Louise
 31631 | D:15     | Noticed Kirke
 31774 | D:15     | Killed Kirke
 32340 | Spider:1 | Entered Level 1 of the Spider Nest
 32348 | Spider:1 | Reached skill level 14 in Fighting
 33261 | Spider:1 | Reached skill level 15 in Fighting
 33420 | Lair:3   | Bought the +3 pair of gauntlets of War {Slay+5} for 1757
                  | gold pieces
 33420 | Lair:3   | Found the +3 pair of gauntlets of War {Slay+5}
 33420 | Lair:3   | Bought a steaming cloak for 351 gold pieces
 33420 | Lair:3   | Identified the +1 cloak "Egeu" {+Blink rElec rF+ Int-2}
                  | (You bought it in a shop on level 3 of the Lair of Beasts)
 33777 | Spider:1 | Noticed an emperor scorpion
 33791 | Spider:1 | Killed an emperor scorpion
 34670 | Spider:2 | Reached XP level 16. HP: 124/159 MP: 16/16
 35031 | Spider:2 | Noticed Arachne
 35049 | Spider:2 | Killed Arachne
 35233 | Spider:2 | You fall into a shaft and drop 1 floor!
 35688 | Spider:3 | Reached skill level 16 in Fighting
 35818 | Spider:3 | Reached skill level 15 in Maces & Flails
 37885 | Spider:4 | Entered Level 4 of the Spider Nest
 39157 | Spider:4 | Reached skill level 17 in Fighting
 39774 | Spider:4 | Reached XP level 17. HP: 134/172 MP: 17/17
 39836 | Spider:4 | Got a gossamer rune of Zot
 40018 | Spider:4 | Bought heavily runed ice dragon scales for 2210 gold pieces
 40018 | Spider:4 | Identified the +6 ice dragon scales "Qoc Cec" {rF- rC++
                  | Dex+2} (You bought it in a shop on level 4 of the Spider
                  | Nest)
 40316 | Swamp:1  | Entered Level 1 of the Swamp
 40788 | Swamp:1  | Reached skill level 15 in Armour
 40996 | Swamp:2  | Found a transporter.
 41004 | Swamp:2  | Found a transporter.
 41024 | Swamp:2  | Found a one-way gate to the infinite horrors of the Abyss.
 41024 | Swamp:2  | Noticed a profane servitor
 41115 | Swamp:2  | Noticed bearlyready's ghost (adept MfTm)
 41572 | Swamp:2  | Identified the +3 leather armour "Sebluit" {rF+ Str-4
                  | Dex+2}
 42430 | Swamp:3  | Identified the +2 leather armour "Leatzir" {Regen+}
 42760 | Swamp:4  | Entered Level 4 of the Swamp
 42761 | Swamp:4  | Noticed Roxanne
 42971 | Swamp:4  | Killed Roxanne
 43002 | Swamp:4  | Got the Encyclopedia of Algor
 43064 | Swamp:4  | Reached skill level 18 in Fighting
 44217 | Swamp:4  | Acquired a manual of Maces & Flails
 45143 | Swamp:4  | Found a blossoming altar of Fedhas.
 45270 | Swamp:4  | Found a basalt altar of Yredelemnul.
 45286 | Swamp:4  | Got a decaying rune of Zot
 45585 | Vaults:1 | Entered Level 1 of the Vaults
 45941 | Vaults:1 | Reached XP level 18. HP: 123/184 MP: 18/18
 46248 | Vaults:1 | HP: 5/172 [ironbound thunderhulk/bolt of lightning (17)]
 46670 | Vaults:1 | Noticed Nikola
 46675 | Vaults:1 | Identified the +4 dire flail "Momuj" {heavy, rElec rF+
                  | Str+7 Int-5}
 46684 | Vaults:1 | Killed Nikola
 47406 | Vaults:1 | You fall into a shaft and drop 1 floor!
 47518 | Vaults:2 | Found a staircase to the Crypt.
 47518 | Vaults:2 | Found an ancient bone altar of Kikubaaqudgha.
 47519 | Vaults:2 | Found a basalt altar of Yredelemnul.
 47860 | Vaults:2 | HP: 5/185 [dire elephant (10)]
 48077 | Vaults:2 | Reached skill level 10 in Shields
 48638 | Vaults:2 | Identified the +5 battleaxe "Limoyriy" {heavy, rCorr}
 49153 | Vaults:2 | Reached skill level 19 in Fighting
 50194 | Vaults:3 | Reached XP level 19. HP: 180/194 MP: 19/19
 52098 | Vaults:4 | Found a flickering gateway to a bazaar.
 52104 | Bazaar   | Entered a bazaar
 52230 | Bazaar   | Found Yneuf's Distillery.
 52286 | Bazaar   | Found Sajon's Weapon Shop.
 52330 | Bazaar   | Found Cept's General Store.
 52419 | Bazaar   | Bought a potion of heal wounds for 45 gold pieces
 52419 | Bazaar   | Bought a potion of heal wounds for 45 gold pieces
 52419 | Bazaar   | Bought a potion of heal wounds for 45 gold pieces
 52419 | Bazaar   | Bought 2 potions of curing for 54 gold pieces
 52419 | Bazaar   | Bought a potion of heal wounds for 45 gold pieces
 52419 | Bazaar   | Bought a potion of might for 36 gold pieces
 53808 | Vaults:5 | Entered Level 5 of the Vaults
 53811 | Vaults:5 | Noticed a dread lich
 53832 | Vaults:5 | Killed a dread lich
 53833 | Vaults:5 | Reached skill level 20 in Fighting
 53895 | Vaults:5 | Identified the +8 hand axe of Forgiveness {heavy, Stlth+}
 54351 | Vaults:5 | Got the Incunable of Attacks
 54353 | Vaults:5 | Got a silver rune of Zot
 54447 | Vaults:5 | Got the Anthology of Bad Luck and Glaciation
 54581 | Vaults:5 | Identified the ring of Tifatolu {Ice rPois}
 54583 | Vaults:5 | Reached XP level 20. HP: 208/208 MP: 20/20
 54590 | Vaults:5 | Paralysed by a sphinx for 3 turns
 54621 | Vaults:5 | Reached skill level 15 in Shields
 55099 | Vaults:5 | Identified the +8 longbow "Seaq" {freeze, rF+ Int+4 Dex+4}
 55347 | Vaults:5 | Identified the ring "Jaexukh" {Will+ AC+4 Dex+3} (You took
                  | it off a vault warden on level 5 of the Vaults)
 56347 | Depths:1 | Entered Level 1 of the Depths
 56357 | Depths:1 | Reached skill level 21 in Fighting
 56549 | Depths:1 | Found an opulent altar of Gozag.
 56850 | Depths:1 | Found a gateway to Hell.
 57289 | Depths:1 | Found Rasevel's Weapon Emporium.
 57293 | Depths:1 | Found Qaphaol's Book Shoppe.
 57302 | Depths:1 | Bought a manual of Fighting for 880 gold pieces
 58225 | Depths:1 | Identified the +3 chain mail of the Pink Corner {Regen+
                  | rCorr Dex-2 SInv}
 58510 | Depths:1 | Reached skill level 22 in Fighting
 59258 | Depths:2 | Reached skill level 23 in Fighting
 59535 | Depths:2 | Found a one-way gate leading to the halls of Pandemonium.
 60179 | Depths:2 | Reached XP level 21. HP: 218/226 MP: 21/21
 60253 | Depths:3 | Noticed Parghit
 60262 | Depths:3 | Killed Parghit
 60666 | Depths:3 | Reached skill level 24 in Fighting
 60695 | Depths:3 | Noticed a juggernaut
 60720 | Depths:3 | Killed a juggernaut
 60837 | Depths:3 | Found a one-way gateway to a ziggurat.
 61247 | Depths:3 | Got the Codex of the Grounded Gathering
 61249 | Depths:3 | Got the Atlas of Intoxication and the Quake
 61369 | Depths:4 | Entered Level 4 of the Depths
 61369 | Depths:4 | Noticed a caustic shrike
 61369 | Depths:4 | Noticed a caustic shrike
 61369 | Depths:4 | Noticed a caustic shrike
 61389 | Depths:3 | Killed a caustic shrike
 61402 | Depths:3 | Killed a caustic shrike
 61408 | Depths:3 | Killed a caustic shrike
 62193 | Depths:4 | Reached skill level 25 in Fighting
 62210 | Depths:4 | Found a shadowy altar of Dithmenos.
 62674 | Depths:4 | Found a gate to the Realm of Zot.
 62738 | Depths:4 | Found Vaexkake's Antique Weapon Shoppe.
 63407 | Zot:1    | Entered Level 1 of the Realm of Zot
 64326 | Zot:1    | Reached XP level 22. HP: 216/243 MP: 22/22
 64523 | Zot:1    | Noticed an ancient lich
 64538 | Zot:1    | Killed an ancient lich
 64539 | Zot:1    | Reached skill level 26 in Fighting
 64805 | Zot:2    | Noticed a Killer Klown
 64805 | Zot:2    | Noticed a Killer Klown
 64805 | Zot:2    | Noticed a Killer Klown
 64832 | Zot:1    | Killed a Killer Klown
 64836 | Zot:1    | Killed a Killer Klown
 65163 | Zot:1    | Killed a Killer Klown
 65899 | Depths:4 | Bought an amulet of reflection for 570 gold pieces
 66466 | Zot:2    | Noticed a curse toe
 66765 | Zot:2    | Killed a curse toe
 67141 | Zot:2    | Reached skill level 27 in Fighting
 67173 | Zot:2    | Identified the ring "Xigiys" {Ice Int+5}
 67173 | Zot:2    | Noticed Josephina
 67376 | Zot:2    | Got the Volume of Fluctuating Shadows
 67708 | Zot:2    | Found a runed translucent gate.
 67708 | Zot:2    | Found a runed translucent gate.
 67708 | Zot:2    | Found a runed translucent gate.
 67710 | Zot:2    | Found an opulent altar of Gozag.
 67710 | Zot:2    | Found Ickem's Assorted Antiques.
 67711 | Zot:2    | Noticed a Killer Klown
 67712 | Zot:2    | Noticed Karoneja's ghost (adept MeHs)
 67797 | Zot:2    | Killed Josephina
 68160 | Zot:2    | Found Fidase's Assorted Antiques.
 68302 | Zot:1    | Noticed a curse toe
 68325 | Zot:1    | Noticed a curse toe
 68330 | Zot:1    | Killed a curse toe
 68365 | Zot:1    | Killed a curse toe
 69266 | Zot:4    | Noticed a golden dragon
 69297 | Zot:4    | Killed a golden dragon
 69450 | Zot:4    | Reached XP level 23. HP: 79/256 MP: 23/23
 70390 | Zot:3    | Found a basalt altar of Yredelemnul.
 70393 | Zot:3    | Got Qeynonuc's Compilation of the Zealot
 70418 | Zot:3    | Got the Anthology of Fire and Brimstone
 71324 | Zot:5    | Entered Level 5 of the Realm of Zot
 73143 | Zot:5    | Noticed an ancient lich
 73155 | Zot:4    | Killed an ancient lich
 73782 | Zot:5    | Noticed a Killer Klown
 73782 | Zot:5    | Noticed an orb of fire
 73784 | Zot:5    | Noticed a Killer Klown
 73784 | Zot:5    | Noticed a Killer Klown
 73786 | Zot:5    | Noticed a curse toe
 73786 | Zot:5    | Noticed a dread lich
 73786 | Zot:5    | Noticed a dread lich
 73794 | Zot:5    | a Killer Klown changed into a shard shrike
 73794 | Zot:5    | Noticed a shard shrike
 73804 | Zot:5    | Killed a shard shrike
 73808 | Zot:5    | Killed a dread lich
 73821 | Zot:5    | Killed an orb of fire
 73829 | Zot:5    | Killed a Killer Klown
 73930 | Zot:5    | Noticed an ancient lich
 73942 | Zot:5    | Killed an ancient lich
 73975 | Zot:5    | Noticed an orb of fire
 73977 | Zot:5    | Noticed a Killer Klown
 73980 | Zot:5    | Killed a Killer Klown
 73984 | Zot:5    | Killed a Killer Klown
 74104 | Zot:5    | Got the Orb of Zot
 74242 | Zot:3    | Reached XP level 24. HP: 206/266 MP: 23/23
 74316 | Depths:4 | Noticed Hudigor the pandemonium lord
 74336 | Depths:4 | Killed Hudigor the pandemonium lord
 74376 | Depths:4 | Noticed Rodymu the pandemonium lord
 74691 | D:4      | Noticed Powoewang the pandemonium lord
 74775 | D:$      | Escaped with the Orb!

Illustrated notes

Levels and vault maps discovered:
D:1:      dpeg_arrival_refuge, layout_loops_ring,
          hellmonk_ecumenical_altar_blasted
D:2:      layout_basic
D:3:      layout_basic, grunt_decor_junction, uniq_robin, uniq_natasha
D:4:      kennysheep_slugbush, layout_basic, lemuel_doored_altar,
          cheibrodos_gnoll_hut
D:5:      layout_loops_corners, minmay_temple_entry_overgrown,
          uniq_crazy_yiuf_cottage
D:6:      layout_cave_pools, chequers_temple_overflow_statue_of_worship,
          wad_floor_pattern_untrapped, uniq_duvessa, uniq_prince_ribbit1
D:7:      layout_basic
D:8:      layout_basic, nicolae_kikubaaqudgha_miasma_corner
D:9:      layout_gridville, serial_shops, nicolae_shop_industrial_runoff,
          minivault_22
D:10:     layout_roguey, kennysheep_mini, fedhas_altar_2, orc_david_3,
          serial_shops, nicolae_shop_waterfront, uniq_amaemon
D:11:     layout_grid_maze, minmay_lair_entry_grove,
          portal_ice_cave_entry_pillars_2, nicolae_shop_self_help
D:12:     layout_small_grid
D:13:     layout_irregular_city, serial_undead, serial_undead_e,
          serial_undead_c, serial_undead_c, serial_undead_f, serial_undead_d,
          serial_undead_f, einodemon_crawler_minivault
D:14:     layout_grid_maze, david_vaults_1, hangedman_abyss_or_decor_stabs,
          uniq_lodul
D:15:     hangedman_depths_entry_civil_slaughter, layout_irregular_city,
          serial_shops, nicolae_shop_stone, serial_glass, glass_columns_a,
          glass_columns_a, glass_columns_a, glass_columns_a, glass_columns_b,
          glass_columns_c, glass_columns_a, glass_columns_c, glass_columns_a,
          glass_columns_a, lightli_corner_chamber, uniq_kirke, uniq_louise
Temple:   hellmonk_temple_of_storms
Lair:1:   layout_regular_city, grunt_forest_small_clearings,
          beast_lair_carwin_10, grunt_megastairs_5
Lair:2:   layout_big_grid, minmay_swamp_entry_worms, uniq_maggie
Lair:3:   layout_gridlike, nicolae_spider_entry_orb_guardian,
          columned_hall_lemuel, infiniplex_staircase_pool_2,
          serial_bayou_shore_b
Lair:4:   layout_small_grid, gauntlet_entry_generic, gammafunk_ghost_necromancy,
          grunt_forest_stairs_clearing, serial_bayou_shore_b,
          lemuel_fruit_fields
Lair:5:   cheibrodos_lair_end_hotspot, layout_gridlike, slime_entry_1
Swamp:1:  layout_basic_swamp, hangedman_swamp_ruin_hall
Swamp:2:  layout_basic_swamp, gammafunk_ghost_abyssal_escape,
          nicolae_swamp_little_swirl, swamp_pool1, cheibrodos_swamp_witchery
Swamp:3:  layout_falls_marsh, hangedman_swamp_lotus, swamp_pool1,
          hangedman_swamp_wriggling
Swamp:4:  byrel_swamp_growth_death_and_undeath, layout_basic_swamp,
          nicolae_swamp_frolicking_bunyips, uniq_roxanne
Spider:1: layout_spider_delve
Spider:2: layout_spider_delve, hangedman_spider_tarantella_strand, uniq_arachne
Spider:3: layout_spider_delve, nicolae_spider_baby_got_redback
Spider:4: guppyfry_spider_rune, nicolae_spider_stair_cavern
Orc:1:    layout_diamond_mine, serial_shops, nicolae_lakefront_shop,
          uniq_nergalle
Orc:2:    grunt_orc_community_town_hall, layout_diamond_mine,
          grunt_orc_community_big_house_1, grunt_orc_community_big_house_1,
          grunt_orc_community_house_1, grunt_orc_community_house_2,
          grunt_orc_community_house_3, grunt_orc_community_house_2,
          grunt_orc_community_house_3, mines_bat_river, uniq_sonja
Vaults:1: nicolae_vaults_arrows, nicolae_vaults_hallways_thing,
          hangedman_vaults_stretched_pinwheel, vaults_mumra_hexcomb,
          nicolae_vaults_variable_pillar_hall, nicolae_vaults_diamond_1,
          vaults_dpeg_emergency_exit, nicolae_vaults_sealed_display,
          nicolae_vaults_statue_guard, layout_vaults_omnigrid, uniq_nikola
Vaults:2: nicolae_vaults_whirlpool_walls, v_misc_13,
          nicolae_vaults_closet_pinwheel_2, nicolae_vaults_trapezoid_lopsided_1,
          hangedman_vaults_stagger, ontoclasm_vaults_pinch,
          hangedman_vaults_slice, minmay_crypt_entry_necro_gods, v_rooms_3,
          nicolae_vaults_specimen_jars, nicolae_vaults_trapezoid_2,
          dpeg_vaults_monster_box, nicolae_vaults_house_1,
          ontoclasm_vaults_idyll, layout_vaults_omnicross
Vaults:3: portal_desolation_entry_twin_temple,
          nicolae_vaults_security_offices_4, nicolae_vaults_network_s,
          vaults_room_fancy_cross, vaults_room_stairs_pillars,
          nicolae_vaults_tetromino_T_2, v_misc_18, vaults_room_semicircle,
          ontoclasm_vaults_chip, ontoclasm_vaults_ring_large,
          ontoclasm_vaults_hangar, nicolae_vaults_twisting_passages,
          layout_vaults_maze_snakey
Vaults:4: vaults_mumra_chevron, nicolae_vaults_little_squares_2,
          hangedman_vaults_cutoff, v_misc_2, ontoclasm_vaults_loading_screen,
          grunt_vaults_hallway_short, vaults_dpeg_hooks, v_misc_3,
          vaults_room_grid, nicolae_vaults_house_1, hangedman_vaults_capsules,
          layout_vaults_ring, serial_shops, freezing_bzr
Vaults:5
Depths:1: layout_gridlike, hell_entry, serial_bayou_pond_c, grunt_gozag_statues,
          minmay_shoptagon, grunt_megastairs_1
Depths:2: kennysheep_room_grid, layout_gridlike, rand_demon_pan_entry_3,
          pf_coc_iceberg, kennysheep_generic_room_10,
          minmay_staircase_windowed_small
Depths:3: cheibrodos_lost_city_excavation, layout_gridlike, enter_ziggurat_b,
          abyss_entry_small_statue_room, grunt_mini_vestibule,
          nicolae_figureground_sparkle, drop_trap, uniq_parghit
Depths:4: grunt_zot_entry_pinwheel, layout_gridlike,
          nicolae_dithmenos_the_darkroom, hell_entry, serial_shops,
          nicolae_shop_just_a_little_nook, chequers_serial_rivers_micro_d
Zot:1:    hangedman_snap_crack_crunch, layout_onion_interference,
          grunt_ministairs_4
Zot:2:    ebering_greatest_show_in_zot, layout_gridlike, ebering_ghost_gozag,
          uniq_josephina
Zot:3:    nicolae_zot_draconian_monastery, layout_gridlike,
          gammafunk_ghost_split, grunt_ministairs_12,
          hangedman_zot_decor_checkerboard
Zot:4:    layout_cellular_growth, grunt_megastairs_3
Zot:5:    layout_gridlike

Skill      XL: |  1  2  3  4  5  6  7  8  9 10 11 12 13 14 15 16 17 18 19 20 21 22 23 |
---------------+----------------------------------------------------------------------+-----
Maces & Flails | 2 3 4 5 7 8 10 12 14 16 18 19 20 | 20.2
Fighting       | 4 6 9 11 15 17 18 19 20 23 25 27 | 27.0
Armour         | 6 8 9 11 14 16 17 20 | 20.8
Throwing       | 1 4 5 |  5.0
Shields        | 4 5 11 14 16 19 | 19.9
Dodging        | 1 5 6 11 12 13 | 13.1
Stealth        | 5 |  5.9
Evocations     | 3 6 |  6.5

Action                     |  1- 3 |  4- 6 |  7- 9 | 10-12 | 13-15 | 16-18 | 19-21 | 22-24 || total
---------------------------+-------+-------+-------+-------+-------+-------+-------+-------++-------
  Melee: Flail             |    84 |   120 |   455 |   466 |       |       |       |       ||  1125
         Tailslap          |    13 |    20 |    53 |   141 |   264 |   343 |   405 |   312 ||  1551
         Demon whip        |       |       |       |   342 |  1277 |   951 |  1443 |   741 ||  4754
         Eveningstar       |       |       |       |       |    17 |   593 |   105 |   562 ||  1277
  Throw: Throwing net      |       |       |     2 |       |       |       |       |       ||     2
         Boomerang         |       |       |     1 |    20 |       |       |       |       ||    21
         Dart              |       |       |       |    20 |    11 |       |     1 |       ||    32
 Invoke: Call Merchant     |       |       |       |       |     2 |     1 |       |     1 ||     4
         Potion Petition   |       |       |       |       |     3 |     3 |     1 |     2 ||     9
         Bribe Branch      |       |       |       |       |       |       |     1 |     1 ||     2
  Evoke: Wand              |       |       |     4 |     8 |    13 |    22 |       |    18 ||    65
         Phantom mirror    |       |       |       |       |     1 |     2 |     2 |     1 ||     6
    Use: Scroll            |       |     2 |    11 |    14 |    16 |     7 |     6 |     3 ||    59
         Potion            |       |       |     4 |    12 |    10 |    13 |     7 |    15 ||    61
   Stab: Distracted        |       |       |     3 |     3 |    23 |     6 |    12 |     8 ||    55
         Invisible         |       |       |       |     3 |       |     1 |       |       ||     4
         Confused          |       |       |       |       |       |       |       |     1 ||     1
 Armour: Scale mail        |     6 |       |       |       |       |       |       |       ||     6
         Chain mail        |    14 |       |       |       |       |       |       |       ||    14
         Plate armour      |    35 |   120 |   237 |   539 |   607 |   626 |   216 |       ||  2380
         Gold dragon scale |       |       |       |       |       |       |   206 |   734 ||   940
  Dodge: Dodged            |    15 |    28 |    71 |   157 |   393 |   691 |   329 |   215 ||  1899
  Block: Buckler           |    14 |    33 |    86 |   144 |   277 |   421 |     1 |       ||   976
         Tower shield      |       |       |       |       |       |       |   766 |  1154 ||  1920
         Reflection        |       |       |       |       |       |       |       |    10 ||    10
